 Dungeon Crawl Stone Soup version 0.26-a0-1086-g9010512d90 (webtiles) character file.

Game seed: 12180263014512292816

82264 stormannn the Bludgeoner (level 15, 0/99 HPs)
             Began as a Gargoyle Fighter on Dec 15, 2020.
             Was the Champion of Okawaru.
             Splashed by a goliath frog's acid (8 damage)
             ... on level 2 of the Lair of Beasts.
             The game lasted 01:02:52 (25243 turns).

stormannn the Bludgeoner (Gargoyle Fighter)        Turns: 25243, Time: 01:02:53

Health: 0/99       AC: 33    Str: 33    XL:     15   Next: 73%
Magic:  17/19      EV: 12    Int: 10    God:    Okawaru [******]
Gold:   1465       SH: 18    Dex: 17    Spells: 14/14 levels left

rFire    x . .     SeeInvis +   W - +7 eveningstar of Sudden Death {vorpal, Fragile +Fly rF- Str+8}
rCold    . . .     Faith    .   c - +1 kite shield
rNeg     + + .     Spirit   .   s - +0 plate armour
rPois    ∞         Reflect  .   C - +2 hat {SInv}
rElec    +         Harm     .   a - +2 cloak
rCorr    .         Rampage  .   (no gloves)
Will     +++++     Clarity  +   M - +0 pair of boots
Stlth    ..........             k - amulet of the Four Winds {rN+ Will+++ Clar}
HPRegen  0.26/turn              d - +6 ring of dexterity
MPRegen  0.16/turn              X - ring of Xom's Best Wishes {+Blink rPois Will+ Dex+2}

@: heroism, corroded, flying
A: big wings, negative energy resistance 1, electricity resistance, unbreathing,
petrification resistance, miasma immunity, AC +11
a: Stop Flying, Heroism, Finesse, Renounce Religion, Evoke Blink


You were on level 2 of the Lair of Beasts.
You worshipped Okawaru.
Okawaru was exalted by your worship.
You visited 6 branches of the dungeon, and saw 23 of its levels.

You collected 1465 gold pieces.

Inventory:

Hand Weapons
 v - a +7 whip of electrocution
 E - the +0 shortbow of the Twisting Visionary {freeze, rF+ Dex+3}
   (Okawaru gifted it to you on level 10 of the Dungeon)

   It causes projectiles fired from it to freeze those they strike, causing
   extra injury to most foes and up to half again as much damage against
   particularly susceptible opponents.
   They can also slow down cold-blooded creatures.
   It affects your dexterity (+3).
   It protects you from fire.
 K - the +11 hunting sling of Law {speed, rElec MP+9 Str+4 SInv}
   (You found it on level 8 of the Dungeon)

   Attacks with this weapon are significantly faster.
   It affects your strength (+4).
   It insulates you from electricity.
   It affects your magic capacity (+9).
   It lets you see invisible.
 W - the +7 eveningstar of Sudden Death (weapon) {vorpal, Fragile +Fly rF- Str+8}
   (Okawaru gifted it to you on level 2 of the Orcish Mines)

   It inflicts extra damage upon your enemies.
   It affects your strength (+8).
   It makes you vulnerable to fire.
   It lets you fly.
   It will be destroyed if unequipped.
Missiles
 V - 149 sling bullets
Armour
 a - a +2 cloak (worn)
 c - a +1 kite shield (worn)
 s - a +0 plate armour (worn)
 C - a +2 hat of see invisible (worn)
 M - a +0 pair of boots (worn)
Jewellery
 d - a +6 ring of dexterity (left hand)
 k - the amulet of the Four Winds (around neck) {rN+ Will+++ Clar}
   (You found it on level 9 of the Dungeon)

   [amulet of nothing]

   It protects you from negative energy.
   It affects your willpower, your defense against some magical effects.
   It protects you against confusion.
 n - an uncursed amulet of regeneration
 J - an uncursed ring of resist corrosion
 X - the ring of Xom's Best Wishes (right hand) {+Blink rPois Will+ Dex+2}
   (You found it on level 2 of the Orcish Mines)

   [ring of willpower]

   It affects your dexterity (+2).
   It protects you from poison.
   It affects your willpower, your defense against some magical effects.
   It lets you blink.
Scrolls
 g - 4 scrolls of fog
 h - 15 scrolls of remove curse
 i - 3 scrolls of amnesia
 l - 4 scrolls of enchant weapon
 m - 4 scrolls of magic mapping
 q - 3 scrolls of teleportation
 t - 2 scrolls of enchant armour
 u - a scroll of blinking
 w - 4 scrolls of fear
Potions
 b - a potion of might
 e - 3 potions of lignification
 f - 3 potions of heal wounds
 j - 3 potions of curing
 o - a potion of magic {unknown}
 r - 2 potions of mutation
 x - 7 potions of brilliance
 z - 3 potions of invisibility
 A - 4 potions of attraction
 B - 8 potions of haste
 I - a potion of cancellation
 L - a potion of berserk rage {unknown}
 N - 4 potions of ambrosia
 U - a potion of degeneration {unknown}


   Skills:
 + Level 13.4(18.4) Fighting
 * Level 16.4(21.4) Maces & Flails
 + Level 13.4(18.4) Armour
 + Level 13.4(18.4) Shields
 - Level 6.0 Invocations


You had 14 spell levels left.
You didn't know any spells.
Your spell library contained the following spells:

 Spells                   Type           Power        Failure   Level
 Animate Skeleton         Necr           #.....       83%         1
 Apportation              Tloc           #.....       83%         1
 Corona                   Hex            #......      83%         1
 Magic Dart               Conj           #...         83%         1
 Sandblast                Erth           #.....       83%         1
 Shock                    Conj/Air       #...         83%         1
 Summon Small Mammal      Summ           #...         83%         1
 Blink                    Tloc           N/A          92%         2
 Call Imp                 Summ           #.......     92%         2
 Ensorcelled Hibernation  Hex/Ice        #.....       92%         2
 Passwall                 Tmut/Erth      #.......     92%         2
 Slow                     Hex            #.......     92%         2
 Swiftness                Air            #.......     92%         2
 Confusing Touch          Hex            #.......     99%         3
 Conjure Flame            Conj/Fire      #.......     99%         3
 Dazzling Flash           Conj/Hex       #.....       99%         3
 Gell's Gravitas          Tloc           #.........   99%         3
 Mephitic Cloud           Conj/Pois/Air  #.......     99%         3
 Static Discharge         Conj/Air       #.......     99%         3
 Stone Arrow              Conj/Erth      #.....       99%         3
 Tukima's Dance           Hex            #.......     99%         3
 Airstrike                Air            #.........   100%        4
 Cause Fear               Hex            #.........   100%        4
 Petrify                  Tmut/Erth      #.......     100%        4
 Borgnjor's Vile Clutch   Necr/Erth      #.........   100%        5
 Lee's Rapid Deconstruct  Erth           #.........   100%        5
 Lightning Bolt           Conj/Air       #.........   100%        5
 Metabolic Englaciation   Hex/Ice        #.........   100%        5
 Silence                  Hex/Air        #.........   100%        5
 Yara's Violent Unravell  Hex/Tmut       #.........   100%        5
 Freezing Cloud           Conj/Ice/Air   #.........   100%        6
 Shadow Creatures         Summ           N/A          100%        6
 Spellforged Servitor     Conj/Summ      #.........   100%        7


Dungeon Overview and Level Annotations

Branches:
Dungeon (11/15)            Temple (1/1) D:6            Lair (6/6) D:11
  Swamp (1/4) Lair:2       Spider (2/4) Lair:4        Slime (0/5) Lair:6
    Orc (2/2) D:11            Elf (0/3) Orc:2

Altars:
Ashenzari
Cheibriados
Dithmenos
Elyvilon
Fedhas
Gozag
Hepliaklqana
Kikubaaqudgha
Makhleb
Nemelex Xobeh
Okawaru
Qazlal
Ru
Sif Muna
Trog
Uskayaw
Vehumet
Wu Jian
Xom
Yredelemnul
Zin
The Shining One
Beogh
Jiyva
Lugonu

Shops:
D:8 }   Orc:1 :   Orc:2 =(}*

Annotations:
Lair:2 exclusion: 2 oklob plants


Innate Abilities, Weirdness & Mutations

You are resistant to torment.
Your stone body is resilient. (AC +11)
You are immune to poison.
Your large and strong wings let you fly indefinitely.
You resist negative energy. (rN+)
You are resistant to electric shocks. (rElec)
You can survive without breathing.
You are immune to petrification.
You are immune to miasma.


Message History

There is a staircase back to the Lair here.
You block the goliath frog's attack.
The spriggan rider hits you but does no damage.
The spriggan rider hits you from afar with a +0 spear!
* * * LOW HITPOINT WARNING * * *
The goliath frog closely misses you.
You fly upwards.
Welcome back to the Lair of Beasts!
Level annotation: exclusion: 2 oklob plants
There is a staircase to the Swamp here.
You gain the combat prowess of a mighty hero.
The goliath frog hits you but does no damage.
You barely miss the goliath frog. The goliath frog misses you.
You sock the goliath frog!
The goliath frog is moderately wounded.
You hit the goliath frog but do no damage.
The goliath frog is moderately wounded.
The goliath frog hits you!
* * * LOW HITPOINT WARNING * * *
You are splashed with acid!
You die...

### #### ####.##
#####... #...§.##
##.P..... ##...§F§##
#........ #....@§§§##
#........ #....§§§§.#
##....... #.....§§§.#
#.###... #.....§§§§##
#..###.#
##.....§.§..#
##.P####
#.......§§.## #..#
###.........#
##..####
#.......######...P..#
#.......###.#........


You could see a goliath frog.

Vanquished Creatures
  Gastronok (Lair:2)
  Kirke (Lair:5)
  An orc warlord (Orc:2)
  An entropy weaver (Spider:1)
  Josephine (Spider:1)
  Erolcha (D:10)
  2 boulder beetles
  3 hydras
  4 catoblepae (Lair:6)
  3 two-headed ogres
  9 death yaks
  4 orc high priests (Orc:2)
  Sonja (Lair:3)
  A flayed ghost (D:9)
  An unseen horror (D:11)
  4 orc knights (Orc:2)
  6 orb spiders
  3 orc sorcerers (Orc:2)
  2 deep elf magi (D:10)
  7 wolf spiders
  An oklob plant (Lair:4)
  2 manticores (Lair:6)
  3 elephants (Lair:4)
  A cyclops (Orc:2)
  2 black mambas
  7 cane toads
  2 rime drakes
  9 komodo dragons
  2 demonic crawlers (Spider:1)
  9 jumping spiders
  Grinder (D:6)
  A queen bee (Lair:3)
  5 trolls
  A hornet (Spider:1)
  2 polar bears
  11 blink frogs
  A slime creature (D:9)
  4 dream sheep (Lair:4)
  31 redbacks
  8 wraiths
  7 tarantellas
  4 wyverns
  A shadow (D:11)
  4 fire bats (D:9)
  Grum (D:10)
  55 yaks
  A hog (Lair:5)
  2 vampire mosquitoes (Swamp:1)
  7 basilisks
  A steam dragon (D:9)
  Menkaure (D:5)
  3 wargs (Orc:2)
  An acid dragon (D:11)
  Duvessa (D:5)
  19 water moccasins
  38 orc warriors
  A swamp drake (D:10)
  2 ice beasts
  3 black bears
  13 ogres
  An eye of draining (D:9)
  A phantom (D:7)
  17 wolves
  15 centaurs
  22 bullfrogs
  A gnoll sergeant (D:3)
  A water moccasin zombie (D:7)
  3 scorpions
  Dowan (D:5)
  17 killer bees
  22 wights
  2 electric eels (Lair:3)
  A howler monkey (D:5)
  A centaur zombie (D:4)
  A crimson imp (D:10)
  3 quasits
  5 gnoll shamans (D:3)
  28 orc priests
  5 hounds
  A jelly (D:9)
  14 orc wizards
  An iron imp (D:10)
  An iguana (Lair:2)
  Natasha (D:3)
  5 hell rats (Lair:5)
  17 worker ants
  A hound zombie (D:11)
  46 gnolls
  21 adders
  2 howler monkey skeletons
  4 shadow imps
  4 white imps
  3 ufetubi
  4 worms
  2 dart slugs (D:3)
  2 leopard geckos (D:3)
  135 orcs
  11 bats
  2 giant cockroaches
  6 goblins
  10 hobgoblins
  22 jackals
  13 kobolds
  4 quokkas
  4 ball pythons
  2 ball python skeletons (D:4)
  6 frilled lizards
  A jackal skeleton (D:3)
  2 leopard gecko zombies
  A quokka zombie (D:5)
  7 rats
  A bush (D:5)
827 creatures vanquished.

Vanquished Creatures (others)
  A human (Lair:5)
  A howler monkey (D:9)
  A shadow imp (D:9)
  2 jackals (D:9)
  28 fungi
  38 plants
71 creatures vanquished.

Grand Total: 898 creatures vanquished

Notes
Turn   | Place    | Note
-------+----------+-------------------------------------------
     0 | D:1      | stormannn the Gargoyle Fighter began the quest for the Orb.
     0 | D:1      | Reached XP level 1. HP: 14/14 MP: 1/1
   363 | D:1      | Reached XP level 2. HP: 17/19 MP: 2/2
  1369 | D:2      | Reached XP level 3. HP: 22/23 MP: 3/3
  1524 | D:2      | Reached skill level 3 in Maces & Flails
  1524 | D:2      | Reached XP level 4. HP: 29/29 MP: 4/4
  2458 | D:3      | Reached XP level 5. HP: 33/33 MP: 5/5
  2882 | D:3      | Reached skill level 4 in Maces & Flails
  2945 | D:3      | Reached XP level 6. HP: 25/38 MP: 6/6
  2969 | D:3      | Noticed Natasha
  2979 | D:3      | Killed Natasha
  3033 | D:3      | Found a broken altar of Ashenzari.
  3235 | D:3      | Found a glowing silver altar of Zin.
  3405 | D:3      | Reached XP level 7. HP: 30/44 MP: 7/7
  3428 | D:3      | Reached skill level 5 in Maces & Flails
  3434 | D:3      | Reached skill level 5 in Armour
  3444 | D:3      | Reached skill level 5 in Shields
  3474 | D:3      | Reached skill level 5 in Fighting
  3733 | D:4      | Reached XP level 8. HP: 49/49 MP: 8/8
  3735 | D:4      | Found a stormy altar of Qazlal.
  3735 | D:4      | Found a hide-covered altar of Uskayaw.
  3739 | D:4      | Found a white marble altar of Elyvilon.
  3739 | D:4      | Found an ornate altar of the Wu Jian Council.
  3750 | D:4      | Reached skill level 6 in Maces & Flails
  3788 | D:4      | Found a sacrificial altar of Ru.
  3793 | D:4      | Found a snail-covered altar of Cheibriados.
  4023 | D:4      | Found a bloodstained altar of Trog.
  4023 | D:4      | Found a radiant altar of Vehumet.
  4118 | D:5      | Entered Level 5 of the Dungeon
  4330 | D:5      | Noticed Dowan
  4346 | D:5      | Killed Dowan
  4354 | D:5      | Noticed Duvessa
  4371 | D:5      | Killed Duvessa
  4372 | D:5      | Reached skill level 7 in Maces & Flails
  4372 | D:5      | Found a glowing golden altar of the Shining One.
  4631 | D:5      | Noticed Menkaure
  4637 | D:5      | Killed Menkaure
  4649 | D:5      | Reached XP level 9. HP: 35/55 MP: 9/9
  5076 | D:6      | Found a staircase to the Ecumenical Temple.
  5112 | Temple   | Entered the Ecumenical Temple
  5190 | Temple   | Became a worshipper of Warmaster Okawaru
  5306 | D:6      | Noticed Grinder
  5308 | D:6      | Reached skill level 8 in Maces & Flails
  5333 | D:6      | Killed Grinder
  5341 | D:6      | Reached * piety under Okawaru
  5621 | D:6      | Found an iron altar of Okawaru.
  6553 | D:7      | Reached skill level 1 in Invocations
  6685 | D:7      | Reached skill level 9 in Maces & Flails
  6685 | D:7      | Reached XP level 10. HP: 63/63 MP: 10/10
  6814 | D:7      | Reached ** piety under Okawaru
  7078 | D:8      | Noticed a two-headed ogre
  7091 | D:8      | Killed a two-headed ogre
  7224 | D:8      | Noticed a two-headed ogre
  7230 | D:8      | Killed a two-headed ogre
  7230 | D:8      | Reached *** piety under Okawaru
  7439 | D:8      | Found a shimmering blue altar of Sif Muna.
  7607 | D:8      | Found Hisemaf's Gadget Shoppe.
  7608 | D:8      | Got a crude hunting sling
  7939 | D:9      | Reached skill level 10 in Maces & Flails
  8298 | D:9      | Reached **** piety under Okawaru
  8309 | D:9      | Reached XP level 11. HP: 63/69 MP: 14/14
  8597 | D:9      | Found a blossoming altar of Fedhas.
  8598 | D:9      | Found an ancient bone altar of Kikubaaqudgha.
  8649 | D:9      | Found a bloodstained altar of Trog.
  8655 | D:9      | Received a gift from Okawaru
  8700 | D:9      | Found a broken altar of Ashenzari.
  8725 | D:9      | Found a burning altar of Makhleb.
  8804 | D:9      | Found a runed translucent door.
  8825 | D:9      | Found an ornate altar of the Wu Jian Council.
  8841 | D:9      | Noticed a flayed ghost
  8855 | D:9      | Found the amulet of the Four Winds {rN+ Will+++ Clar}
  8857 | D:9      | Found a glowing golden altar of the Shining One.
  8866 | D:9      | Found an ancient bone altar of Kikubaaqudgha.
  9059 | D:9      | Killed a flayed ghost
  9060 | D:9      | Reached skill level 5 in Invocations
  9069 | D:9      | Got an ancient spear
  9075 | D:9      | Identified the +4 spear of Sufficient Defiance {pain,
                  | *Noise +Blink rF++} (You found it on level 9 of the
                  | Dungeon)
  9088 | D:9      | Identified the +11 hunting sling of Law {speed, rElec MP+9
                  | Str+4 SInv} (You found it on level 8 of the Dungeon)
  9142 | D:10     | Entered Level 10 of the Dungeon
  9142 | D:10     | Noticed Grum
  9191 | D:9      | Reached skill level 11 in Maces & Flails
  9227 | D:10     | Found a snail-covered altar of Cheibriados.
  9286 | D:10     | Reached ***** piety under Okawaru
  9404 | D:10     | Killed Grum
  9421 | D:10     | Noticed Erolcha
  9479 | D:10     | Killed Erolcha
  9484 | D:10     | Received a gift from Okawaru
  9487 | D:10     | Got a crystal shortbow {god gift}
  9490 | D:10     | Identified the +0 shortbow of the Twisting Visionary
                  | {freeze, rF+ Dex+3} (Okawaru gifted it to you on level 10
                  | of the Dungeon)
  9950 | D:10     | Noticed a deep elf mage
  9960 | D:10     | Killed a deep elf mage
  9968 | D:10     | Noticed a deep elf mage
  9992 | D:10     | Killed a deep elf mage
  9993 | D:10     | Reached XP level 12. HP: 64/76 MP: 16/16
 10245 | D:11     | Found a staircase to the Lair.
 10873 | D:11     | Reached skill level 12 in Maces & Flails
 10939 | D:11     | Found a staircase to the Orcish Mines.
 11753 | Orc:1    | Entered Level 1 of the Orcish Mines
 11753 | Orc:1    | Found Enleir's Book Shop.
 11766 | Orc:1    | Reached skill level 10 in Armour
 11814 | Orc:1    | Received a gift from Okawaru
 11994 | Orc:2    | Entered Level 2 of the Orcish Mines
 12005 | Orc:2    | Reached skill level 10 in Fighting
 12050 | Orc:2    | Reached skill level 10 in Shields
 12397 | Orc:2    | Found a roughly hewn altar of Beogh.
 12456 | Orc:2    | Noticed a two-headed ogre
 12475 | Orc:2    | Killed a two-headed ogre
 12915 | Orc:2    | Found Nuid's Jewellery Emporium.
 12948 | Orc:2    | Found Rigawn's Weapon Shoppe.
 13566 | Orc:2    | Received a gift from Okawaru
 13590 | Orc:2    | Got an ichor-stained eveningstar {god gift}
 13591 | Orc:2    | Identified the +7 eveningstar of Sudden Death {vorpal,
                  | Fragile +Fly rF- Str+8} (Okawaru gifted it to you on level
                  | 2 of the Orcish Mines)
 13601 | Orc:2    | Identified the Collected Works on Captivating Conjuration
 13721 | Orc:2    | Noticed a soul eater
 13732 | Orc:2    | Reached skill level 13 in Maces & Flails
 13732 | Orc:2    | Reached XP level 13. HP: 79/83 MP: 15/17
 13765 | Orc:2    | Got an ancient turquoise ring
 13775 | Orc:2    | Identified the ring of Xom's Best Wishes {+Blink rPois
                  | Will+ Dex+2} (You found it on level 2 of the Orcish Mines)
 13987 | Orc:2    | Found a staircase to the Elven Halls.
 14285 | Orc:2    | Found a roughly hewn altar of Beogh.
 14285 | Orc:2    | Noticed an orc warlord
 14653 | Orc:2    | Killed an orc warlord
 14683 | Orc:2    | Found Oshye's General Store.
 15164 | Orc:2    | Found Sinnueph's Gadget Shop.
 15507 | Lair:1   | Entered Level 1 of the Lair of Beasts
 16633 | Lair:2   | Received a gift from Okawaru
 16704 | Lair:2   | Noticed Gastronok
 16718 | Lair:2   | Killed Gastronok
 16719 | Lair:2   | Reached skill level 14 in Maces & Flails
 16996 | Lair:2   | Found a staircase to the Swamp.
 17462 | Lair:3   | Noticed Sonja
 17482 | Lair:3   | Killed Sonja
 17482 | Lair:3   | Reached ****** piety under Okawaru
 17542 | Lair:3   | Gained mutation: Your large and strong wings let you fly
                  | indefinitely. [Gargoyle growth]
 17542 | Lair:3   | Reached XP level 14. HP: 91/91 MP: 18/18
 18653 | Lair:4   | Found a hole to the Spider Nest.
 19027 | Lair:4   | Received a gift from Okawaru
 20028 | Lair:5   | Noticed Kirke
 20038 | Lair:5   | Killed Kirke
 20039 | Lair:5   | Reached skill level 15 in Maces & Flails
 20802 | Lair:6   | Entered Level 6 of the Lair of Beasts
 20919 | Lair:6   | Received a gift from Okawaru
 21140 | Lair:6   | Reached XP level 15. HP: 47/97 MP: 19/19
 21478 | Lair:6   | Found a viscous altar of Jiyva.
 21480 | Lair:6   | Found a staircase to the Slime Pits.
 22244 | Spider:1 | Entered Level 1 of the Spider Nest
 22244 | Spider:1 | Noticed Josephine
 22275 | Spider:1 | Killed Josephine
 22279 | Spider:1 | Reached skill level 16 in Maces & Flails
 22893 | Lair:4   | Received a gift from Okawaru
 25219 | Swamp:1  | Entered Level 1 of the Swamp
 25243 | Lair:2   | Splashed by a goliath frog's acid

Illustrated notes

Levels and vault maps discovered:
D:1:      dpeg_arrival_circle_labyrinth_c, layout_loops_corners,
          chequers_serial_rivers_micro_b, minmay_misc_feat_columns
D:2:      layout_loops_corners
D:3:      lemuel_castle_with_subvaults [lemuel_castle_interior_carwin_1],
          layout_basic, zin_treasury, nicolae_ashenzari_panopticon,
          kennysheep_generic_room_16, uniq_natasha
D:4:      layout_rooms, grunt_temple_overflow_open, minitemple,
          gammafunk_temple_overflow_elements, dk_vineyard_3
D:5:      layout_basic, chequers_serial_rivers_large_b,
          kb_lookout_dungeons_type, nicolae_tso_carved_into_rock, uniq_duvessa,
          uniq_menkaure
D:6:      layout_layer_cave, temple_green, serial_rivers,
          chequers_serial_rivers_small_b, chequers_serial_rivers_micro_c,
          chequers_serial_rivers_marsh, chequers_serial_rivers_micro_e,
          chequers_serial_rivers_micro_c, okawaru_trees_1, uniq_grinder
D:7:      layout_loops_ring, serial_glass, glass_columns_b, glass_columns_a,
          feat_on_display, minmay_strange_pillars
D:8:      layout_loops_cross, lemuel_crystal_altar, serial_shops, shop
D:9:      due_megacathedral, layout_rooms,
          grunt_temple_overflow_growth_and_decay, grunt_ministairs_2,
          wad_floor_pattern_untrapped, minmay_bent
D:10:     layout_cave_pools, basic_altar, hangedman_minor_magic, uniq_grum,
          uniq_erolcha
D:11:     layout_irregular_city, david_lair_generic, hiddenorc1_lemuel,
          serial_column_ruins, column_ruins_columns_straight,
          column_ruins_open_tiny, column_ruins_open_small, minmay_holes
Temple:   corrupted_temple
Lair:1:   layout_chaotic_city, serial_rivers, chequers_serial_rivers_micro_b,
          chequers_serial_rivers_micro_c, chequers_serial_rivers_marsh,
          chequers_serial_rivers_micro_c
Lair:2:   layout_cave_pods, minmay_swamp_entry_reptiles,
          chequers_serial_rivers_micro_a, ldierk_geyser, lemuel_fruit_fields,
          serial_bayou_shore_b, minmay_lair_oklob_chamber, uniq_gastronok
Lair:3:   layout_cave_pods, special_room [special_room_bee],
          serial_bayou_shore_a, uniq_sonja
Lair:4:   layout_regular_city, nicolae_spider_entry_orb_guardian
Lair:5:   layout_roguey, grunt_megastairs_4, lemuel_fruit_tree, uniq_kirke
Lair:6:   evilmike_catoblepas_cave, layout_loops_ring, slime_altar_1,
          infiniplex_staircase_pool_2
Swamp:1:  gammafunk_worm_tunnel, layout_basic_swamp, basic_altar
Spider:1: layout_spider_delve, uniq_josephine
Spider:2: layout_spider_delve
Orc:1:    layout_caves, serial_shops, shop
Orc:2:    pubby_orc_utopia, serial_shops, uniq_urug

Skill      XL: |  1  2  3  4  5  6  7  8  9 10 11 12 13 14 15 |
---------------+----------------------------------------------+-----
Maces & Flails | 3 4 5 7 9 10 11 13 14 15 16 | 16.4
Armour         | 4 5 6 7 8 9 10 11 12 13 | 13.4
Shields        | 4 5 6 7 8 9 10 11 12 13 | 13.4
Fighting       | 4 5 6 7 8 9 10 11 12 13 | 13.4
Invocations    | 1 4 5 6 |  6.0

Action                   |  1- 3 |  4- 6 |  7- 9 | 10-12 | 13-15 || total
-------------------------+-------+-------+-------+-------+-------++-------
Melee: Flail             |    88 |   349 |    29 |       |       ||   466
       Whip              |       |       |   494 |  1205 |   160 ||  1859
       Eveningstar       |       |       |       |       |   926 ||   926
Throw: Boomerang         |       |       |       |       |     2 ||     2
Invok: Heroism           |       |       |       |    12 |    10 ||    22
       Finesse           |       |       |       |     1 |     2 ||     3
 Abil: Fly               |       |       |       |       |     1 ||     1
  Use: Potion            |       |       |     2 |       |     5 ||     7
       Scroll            |       |       |       |    20 |    22 ||    42
 Stab: Petrified         |       |       |       |       |    10 ||    10
Armor: Scale mail        |    53 |    23 |       |       |       ||    76
       Plate armour      |       |   229 |   258 |   458 |   523 ||  1468
Dodge: Dodged            |    30 |    72 |    63 |   216 |   244 ||   625
Block: Kite shield       |    54 |   202 |   215 |   691 |   775 ||  1937

Table legend: (Time is in decaauts)
 A = Elapsed time spent in this place.
 B = Non-inter-level travel time spent in this place.
 C = Inter-level travel time spent in this place.
 D = Time resting spent in this place.
 E = Time spent auto-exploring this place.
 F = Levels seen in this place.
 G = Mean time per level.
                   A        B        C        D        E       F      G
               +--------+--------+--------+--------+--------+-----+--------+
         Total |  24521 |  22592 |   1929 |   3910 |  13739 |  23 | 1066.1 |
       Dungeon |  11662 |  10389 |   1273 |    269 |   7294 |  11 | 1060.2 |
        Temple |     92 |     80 |     12 |      0 |     38 |   1 |   92.0 |
          Lair |   7910 |   7587 |    323 |   1873 |   4599 |   6 | 1318.3 |
         Swamp |     15 |     15 |      0 |      0 |      0 |   1 |   15.0 |
   Spider Nest |   1165 |   1145 |     20 |    416 |    451 |   2 |  582.5 |
  Orcish Mines |   3675 |   3375 |    300 |   1352 |   1356 |   2 | 1837.5 |
               +--------+--------+--------+--------+--------+-----+--------+

Top non-repeatable levels by time:
   Orc:2: 3423 daAuts
  Lair:4: 1967 daAuts
  Lair:3: 1652 daAuts
     D:3: 1401 daAuts
     D:9: 1366 daAuts
  Lair:6: 1365 daAuts
     D:6: 1240 daAuts
     D:2: 1229 daAuts
  Lair:2: 1201 daAuts
    D:11: 1186 daAuts
     D:1: 1168 daAuts
Spider:1: 1005 daAuts
  Lair:5: 1004 daAuts
     D:5: 930 daAuts
    D:10: 909 daAuts
